 Dungeon Crawl Stone Soup version 0.26.1-11-gd32895ea62 (webtiles) character file.

Game seed: 6438950600826232250

1060 MisterFreud the Grappler (level 8, -4/74 HPs)
             Began as a Troll Monk on June 16, 2021.
             Slain by Pikel
             ... wielding a +2 whip of electrocution
              (15 damage)
             ... on level 5 of the Dungeon.
             The game lasted 00:04:34 (4450 turns).

MisterFreud the Grappler (Troll Monk)               Turns: 4450, Time: 00:04:35

Health: -4/74      AC:  7    Str: 20    XL:     8   Next: 6%
Magic:  7/7        EV:  8    Int:  6    God:
Gold:   274        SH:  9    Dex: 14    Spells: 7/7 levels left

rFire    . . .     SeeInvis +     - Unarmed
rCold    . . .     Faith    .   A - +0 kite shield
rNeg     . . .     Spirit   .   a - +0 robe
rPois    .         Reflect  .   (helmet restricted)
rElec    .         Harm     .   v - +0 cloak
rCorr    .         Rampage  .   (gloves unavailable)
Will     .....                  (boots unavailable)
Stlth    ++........             n - amulet of magic regeneration
HPRegen  0.62/turn              k - ring of see invisible
MPRegen  0.35/turn              (no ring)

@: lethally poisoned (-4 -> -4)
A: large, unfitting armour, claws 3, regeneration 1, shaggy fur 1, tough skin 3
a: no special abilities


You were on level 5 of the Dungeon.
You visited 1 branch of the dungeon, and saw 5 of its levels.

You collected 274 gold pieces.

Inventory:

Hand Weapons
 w - a +4 quarterstaff of chaos
Missiles
 l - 3 boomerangs (quivered)
Armour
 a - a +0 robe (worn)
 v - a +0 cloak (worn)
 A - a +0 kite shield (worn)
Jewellery
 k - a ring of see invisible (left claw)
 n - an amulet of magic regeneration (around neck)
Wands
 m - a wand of random effects (22)
 o - a wand of paralysis (2)
 y - a wand of flame (18)
Scrolls
 e - 3 scrolls of teleportation {unknown}
 f - 2 scrolls of enchant weapon {unknown}
 g - 6 scrolls of identify {unknown}
 h - 2 scrolls of remove curse {unknown}
 i - a scroll of magic mapping {unknown}
 p - a scroll of immolation {unknown}
 q - a scroll of amnesia {unknown}
 r - a scroll of random uselessness {unknown}
 s - a scroll of blinking {unknown}
 t - a scroll of fog {unknown}
Potions
 b - 2 potions of attraction {unknown}
 c - 3 potions of might {unknown}
 d - 3 potions of magic {unknown}
 j - 2 potions of curing {unknown}
 u - a potion of resistance
 x - a potion of lignification {unknown}
 z - a potion of mutation {unknown}
 B - a potion of haste {unknown}


   Skills:
 - Level 2.4 Fighting
 - Level 4.0 Throwing
 - Level 2.4 Dodging
 - Level 1.0 Stealth
 + Level 2.7 Shields
 - Level 8.0 Unarmed Combat


You had 7 spell levels left.
You didn't know any spells.
Your spell library was empty.

Dungeon Overview and Level Annotations

Branches:
Dungeon (5/15)
 Temple: D:4-7

Altars:
Cheibriados
Nemelex Xobeh

Annotations:
D:5 2 transporters, Cleetus's ghost, novice FoFi; Pikel


Innate Abilities, Weirdness & Mutations

You are too large for most types of armour.
You have claws for hands.
Your natural rate of healing is unusually fast.
You are covered in fur. (AC +1)
You have extremely tough skin. (AC +3)


Message History

You are electrocuted!
You miss Pikel.
You feel sick. Pikel completely misses you.
You barely miss Pikel. Pikel waves his whip at you.
Pikel hits you with a +2 whip of electrocution.
You scratch Pikel but do no damage.
Pikel hits you with a +2 whip of electrocution!
You are electrocuted!
* * * LOW HITPOINT WARNING * * *
You scratch Pikel.
Pikel is lightly wounded.
You closely miss Pikel.
Pikel is lightly wounded.
You feel sick. Pikel hits you but does no damage.
You mangle Pikel!!
Pikel is heavily wounded.
Pikel hits you with a +2 whip of electrocution.
* * * LOW HITPOINT WARNING * * *
You are electrocuted!
You die...

......
^^.##.###.##..####
#....5#
#⌠##..............
.....K5
#.##.#.#####..###.
# ..... #.##...#
#...... ≈.≈#...
#.###.## #...###
≈≈≈..5K########.#
#.# #...###
♣≈≈...5..o...##.#
#.# #......
≈..≈.....5.h..#.#
#.# ##..###
##..#..#####..#@#
#.# #..# #.
#..#####..#K# #.#
#..........5# #.#
.....####..## #.#
.... #..# #.#
.#####>####..####.#
#.......)....##.
........)..........
#################.#


You could see Pikel and a lemure.

Vanquished Creatures
  An ice beast (D:5)
  2 ogres
  A centaur (D:5)
  2 lemures (D:5)
  2 scorpions (D:5)
  A howler monkey (D:4)
  A hound (D:5)
  A bullfrog skeleton (D:4)
  Crazy Yiuf (D:3)
  2 orc priests
  Terence (D:2)
  4 orc wizards (D:3)
  5 worker ants
  Robin (D:3)
  3 adders
  A shadow imp (D:5)
  2 oozes
  3 worms (D:3)
  4 dart slugs
  A leopard gecko (D:4)
  23 orcs
  A ball python (D:4)
  5 bats
  3 giant cockroaches
  15 goblins
  8 hobgoblins
  4 jackals (D:4)
  A quokka (D:4)
  2 frilled lizards
  7 kobolds
  8 rats
116 creatures vanquished.

Vanquished Creatures (others)
  49 plants (D:5)
49 creatures vanquished.

Grand Total: 165 creatures vanquished

Notes
Turn   | Place    | Note
-------+----------+-------------------------------------------
     0 | D:1      | MisterFreud the Troll Monk began the quest for the Orb.
     0 | D:1      | Reached XP level 1. HP: 22/22 MP: 0/0
   156 | D:1      | Reached XP level 2. HP: 28/29 MP: 1/1
   368 | D:1      | Reached skill level 4 in Unarmed Combat
   711 | D:2      | Reached XP level 3. HP: 36/36 MP: 2/2
   821 | D:2      | Noticed Terence
   837 | D:2      | Killed Terence
  1000 | D:2      | Reached skill level 5 in Unarmed Combat
  1000 | D:2      | Reached XP level 4. HP: 36/44 MP: 3/3
  1531 | D:3      | Reached XP level 5. HP: 36/50 MP: 4/4
  1668 | D:3      | Noticed Robin
  1688 | D:3      | Killed Robin
  1689 | D:3      | Reached skill level 6 in Unarmed Combat
  1775 | D:3      | Found a runed translucent door.
  1776 | D:3      | Noticed Crazy Yiuf
  1901 | D:3      | Reached XP level 6. HP: 29/59 MP: 5/5
  2364 | D:3      | Killed Crazy Yiuf
  2365 | D:3      | Reached skill level 7 in Unarmed Combat
  2581 | D:4      | Found a sparkling altar of Nemelex Xobeh.
  2909 | D:4      | Reached XP level 7. HP: 62/66 MP: 6/6
  2988 | D:4      | Reached skill level 1 in Throwing
  2988 | D:4      | Reached skill level 8 in Unarmed Combat
  3476 | D:4      | Found a snail-covered altar of Cheibriados.
  3477 | D:4      | Found a sparkling altar of Nemelex Xobeh.
  3788 | D:5      | Entered Level 5 of the Dungeon
  3895 | D:5      | Noticed Cleetus's ghost (novice FoFi)
  3896 | D:5      | Found a transporter.
  3900 | D:5      | Found a transporter.
  3948 | D:5      | Reached skill level 1 in Shields
  4402 | D:5      | Noticed Pikel
  4406 | D:5      | Reached XP level 8. HP: 69/74 MP: 7/7
  4450 | D:5      | Slain by Pikel

Illustrated notes

Levels and vault maps discovered:
D:1:      minmay_arrival_wavy_path, layout_loops_ring, minmay_pentomino_x4
D:2:      layout_loops_ring, uniq_terence
D:3:      layout_loops_ring, uniq_crazy_yiuf_cottage, uniq_robin
D:4:      wad_pebble_path, layout_layer_cave, gammafunk_temple_overflow_statue,
          nemelex_dance_club_becter
D:5:      layout_loops_ring, gammafunk_ghost_smash, serial_bayou,
          serial_bayou_crossing, serial_bayou_pond_a, serial_bayou_lagoon_a,
          serial_bayou_shore_b, xom_redecorated, uniq_pikel

Skill      XL: |  1  2  3  4  5  6  7 |
---------------+----------------------+-----
Unarmed Combat | 4 5 6 7 8 |  8.0
Throwing       | 4 |  4.0
Shields        | 2 |  2.7
Fighting       | |  2.4
Dodging        | |  2.4
Stealth        | |  1.0

Action                   |  1- 3 |  4- 6 |  7- 9 || total
-------------------------+-------+-------+-------++-------
Melee: Unarmed           |    89 |   143 |   107 ||   339
       Punch             |     2 |     3 |     2 ||     7
 Stab: Sleeping          |     1 |     5 |       ||     6
Armor: Robe              |    24 |    58 |    20 ||   102
Dodge: Dodged            |    34 |    59 |    25 ||   118
Block: Kite shield       |       |       |    19 ||    19
